 Dungeon Crawl Stone Soup version 0.20.0-15-g7f486f2 (webtiles) character file.

2589 polve the Grappler (level 9, -14/88 HPs)
             Began as a Troll Fighter on July 1, 2017.
             Was a Follower of Qazlal.
             Demolished by an orc warrior
             ... wielding a +0 short sword
              (16 damage)
             ... on level 7 of the Dungeon.
             The game lasted 00:08:08 (5810 turns).

polve the Grappler (Troll Fighter)                  Turns: 5810, Time: 00:08:09

Health: -14/88     AC:  5    Str: 31    XL:     9   Next: 33%
Magic:  8/8        EV:  9    Int:  4    God:    Qazlal [*.....]
Gold:   493        SH: 12    Dex: 12    Spells: 8/8 levels left

rFire    . . .     SeeInvis +     - Unarmed
rCold    . . .     Gourm    +   J - +0 shield
rNeg     . . .     Faith    .   a - +0 robe
rPois    .         Spirit   .   (helmet restricted)
rElec    .         Reflect  .   (no cloak)
rCorr    .         Harm     .   (gloves unavailable)
MR       .....                  (boots unavailable)
Stlth    +.........             s - amulet of rage
Regen    0.7/turn               (no ring)
MPRegen  0.2/turn               D - ring of see invisible

@: mighty, lethally poisoned (-14 -> -16), hasted, very quick
A: unfitting armour, claws 3, fast metabolism 3, gourmand, regeneration 1,
shaggy fur 1, tough skin 2
a: Renounce Religion, Evoke Berserk Rage


You were on level 7 of the Dungeon.
You worshipped Qazlal.
Qazlal was aware of your devotion.
You were completely stuffed.

You visited 2 branches of the dungeon, and saw 8 of its levels.
You also visited: Ossuary.

You collected 493 gold pieces.

Inventory:

Hand Weapons
 b - a +1 hand axe of flaming
Armour
 a - a +0 robe (worn)
 J - a +0 shield (worn)
Jewellery
 s - an amulet of rage (around neck)
 D - a ring of see invisible (right claw)
Wands
 G - a wand of iceblast (8/15)
Scrolls
 e - a scroll of random uselessness {unknown}
 f - 2 scrolls of enchant weapon {unknown}
 g - 10 scrolls of identify {unknown}
 h - a scroll of blinking {unknown}
 m - 2 scrolls of enchant armour {unknown}
 o - 2 scrolls of remove curse
 t - a scroll of fear {unknown}
 v - 2 scrolls of amnesia {unknown}
 w - 2 scrolls of recharging {unknown}
 x - a scroll of noise {unknown}
 y - a scroll of magic mapping {unknown}
 A - 6 scrolls of teleportation {unknown}
 B - 2 scrolls of fog {unknown}
 I - a scroll of vulnerability {unknown}
Potions
 c - 2 potions of might
 i - 2 potions of haste
 j - 3 potions of mutation {unknown}
 k - 3 potions of curing {unknown}
 l - 2 potions of agility {unknown}
 p - 3 potions of magic {unknown}
 q - 3 potions of degeneration {unknown}
 r - a potion of invisibility {unknown}
 u - 2 potions of heal wounds {unknown}
 C - 2 potions of flight {unknown}
 F - 3 potions of resistance {unknown}
 H - a potion of berserk rage {unknown}
Comestibles
 d - 6 bread rations
 n - 4 royal jellies
 z - 3 meat rations


   Skills:
 + Level 5.3 Fighting
 - Level 2.4 Dodging
 + Level 5.3 Shields
 - Level 10.1 Unarmed Combat


You had 8 spell levels left.
You didn't know any spells.

Dungeon Overview and Level Annotations

Branches:
Dungeon (7/15)             Temple (1/1) D:6

Altars:
Ashenzari
Cheibriados
Dithmenos
Fedhas
Gozag
Hepliaklqana
Kikubaaqudgha
Makhleb
Okawaru
Qazlal
Ru
Sif Muna
Trog
Uskayaw
Vehumet
Xom
Yredelemnul
Zin
The Shining One

Annotations:
D:7 Dowan, Pikel


Innate Abilities, Weirdness & Mutations

You are too large for most types of armour.
You have claws for hands.
Your metabolism is lightning-fast.
You like to eat raw meat.
Your natural rate of healing is unusually fast.
You are covered in fur. (AC +1)
You have very tough skin. (AC +2)


Message History

You kill Duvessa!
Qazlal accepts your kill.
Dowan seems overcome with grief, but rights himself reflexively soon after.
Dowan seems to find hidden reserves of power!
You feel sick.
You mangle the orc warrior!!
The orc warrior is severely wounded.
You feel sick.
The orc warrior hits you with a short sword!
* * * LOW HITPOINT WARNING * * *
* * * LOW HITPOINT WARNING * * *
You feel sick.
Dowan casts a spell.
Dowan blinks!
A slave comes into view.
It was a potion of haste.
You feel yourself speed up.
* * * LOW HITPOINT WARNING * * *
You feel sick.
The orc warrior hits you with a short sword!
You die...

>...p........##.###....
....p............<....
....e..#.#.....#######
#.#####Ko#.#..####
#.....oop.o...#
...###.##.##.#
#n##....# #o##..#.#
#@##..#... #.##.......
#>##..... . ... .$..
#.. ####


You could see Pikel, an orc warrior, 2 slaves, a necrophage, Dowan and 3 orcs.

Vanquished Creatures
  Menkaure (D:4)
  2 water moccasins
  Duvessa (D:7)
  An orc warrior (Temple)
  3 sky beasts
  A black bear (D:6)
  2 ogres
  A centaur (D:4)
  A crocodile (D:5)
  2 howler monkeys
  A centaur zombie (D:6)
  A quasit (D:6)
  4 bullfrog zombies (D:6)
  A centaur skeleton (D:4)
  3 orc priests (D:6)
  5 orc wizards
  A bullfrog skeleton (D:4)
  5 hounds
  A gnoll shaman (D:4)
  3 iguanas
  3 worker ants
  9 mummies
  A hound skeleton (D:6)
  10 adders
  7 gnolls
  3 howler monkey skeletons
  A river rat (D:5)
  3 shadow imps
  An ooze (D:3)
  An adder zombie (D:5)
  2 adder skeletons (D:6)
  2 worms
  2 dart slugs
  4 leopard geckos
  21 orcs
  8 giant cockroaches
  9 goblins
  6 hobgoblins
  6 jackals
  3 kobolds
  3 quokkas
  2 ball pythons (D:5)
  6 bats
  6 frilled lizards
  A hobgoblin zombie (Ossuary)
  3 kobold zombies (Ossuary)
  A leopard gecko skeleton (D:4)
  4 orc zombies (Ossuary)
  A quokka zombie (D:6)
  9 rats
178 creatures vanquished.

Vanquished Creatures (others)
  2 fungi (D:7)
2 creatures vanquished.

Grand Total: 180 creatures vanquished

Notes
Turn   | Place    | Note
-------+----------+-------------------------------------------
     0 | D:1      | polve the Troll Fighter began the quest for the Orb.
     0 | D:1      | Reached XP level 1. HP: 22/22 MP: 0/0
    85 | D:1      | Reached XP level 2. HP: 29/29 MP: 1/1
   110 | D:1      | Reached skill level 3 in Unarmed Combat
   453 | D:1      | Reached XP level 3. HP: 36/36 MP: 2/2
   886 | D:2      | Found a hide-covered altar of Uskayaw.
  1257 | D:3      | Reached skill level 4 in Unarmed Combat
  1847 | D:3      | Reached XP level 4. HP: 44/44 MP: 3/3
  2252 | D:4      | Reached skill level 5 in Unarmed Combat
  2259 | D:4      | Reached XP level 5. HP: 39/50 MP: 4/4
  2414 | D:4      | Noticed a centaur
  2425 | D:4      | HP: 2/50 [centaur (3)]
  2426 | D:4      | Killed a centaur
  2426 | D:4      | Reached skill level 6 in Unarmed Combat
  2426 | D:4      | Reached XP level 6. HP: 2/59 MP: 5/5
  2805 | D:4      | Reached skill level 7 in Unarmed Combat
  3037 | D:4      | Noticed Menkaure
  3043 | D:4      | Killed Menkaure
  3043 | D:4      | Reached XP level 7. HP: 62/66 MP: 6/6
  3121 | D:4      | Reached skill level 8 in Unarmed Combat
  3491 | D:5      | Entered Level 5 of the Dungeon
  3538 | D:5      | Found a sand-covered staircase.
  3549 | Ossuary  | Entered an ossuary
  4047 | D:5      | Reached skill level 9 in Unarmed Combat
  4259 | D:5      | Reached XP level 8. HP: 66/74 MP: 7/7
  4437 | D:5      | Reached skill level 10 in Unarmed Combat
  4693 | D:6      | Found a staircase to the Ecumenical Temple.
  4730 | Temple   | Entered the Ecumenical Temple
  4777 | Temple   | Became a worshipper of Qazlal Stormbringer
  5028 | D:6      | Reached XP level 9. HP: 85/85 MP: 8/8
  5406 | D:6      | Reached * piety under Qazlal
  5643 | D:6      | Reached skill level 5 in Fighting
  5643 | D:6      | Reached skill level 5 in Shields
  5781 | D:7      | Noticed Dowan
  5783 | D:7      | Noticed Duvessa
  5793 | D:7      | Noticed Pikel
  5807 | D:7      | Killed Duvessa
  5808 | D:7      | HP: 2/88 [orc warrior/short sword (8)]
  5810 | D:7      | Demolished by an orc warrior

Skill      XL: |  1  2  3  4  5  6  7  8  9 |
---------------+----------------------------+-----
Unarmed Combat | 3 4 5 6 7 9 10 | 10.1
Fighting       | 4 5 |  5.3
Shields        | 4 5 |  5.3
Dodging        | |  2.4

Action                   |  1- 3 |  4- 6 |  7- 9 || total
-------------------------+-------+-------+-------++-------
Melee: Unarmed           |   115 |   122 |   298 ||   535
  Use: Scroll            |       |     1 |     1 ||     2
       Potion            |       |       |     2 ||     2
  Eat: Chunk             |    22 |    11 |    26 ||    59
Armor: Robe              |    44 |    25 |    57 ||   126
Dodge: Dodged            |    27 |    30 |    90 ||   147
Block: Shield            |    49 |    47 |   127 ||   223
